cohdb
Replays
Latest Replays
All Replays
Popular Replays
Top Player Replays
Match Explorer
How It Works
Community
CoH3 Stats
Reddit
Sign in to upload your games and track your stats! →
Sign in with Steam
Match 45453587
Unlisted
Match 45453587
Overview
Messages
Build Orders
End
Panzergrenadier Squad
Selects Italian Infantry
Panzergrenadier Squad
Construct Light Support Kompanie
MG34 Team
Fire Support Elements
Assault Grenadier Squad
Flakvierling Half-track
Selects Guastatori Squad
le.IG 18 Mechanized Group
2.5-tonne Medical Truck
Construct Panzerarmee Kommand
Selects Registered Artillery
Selects Towed Cannone da 105/28 Field Howitzer
Pak 38 Anti-tank Gun Team
Panzer III L Medium Tank
Registered Artillery
Registered Artillery
Tungsten Core Ammunition
Panzer III L Medium Tank
2.5-tonne Medical Truck
Selects Defensive Operations
Selects Territory Booby Traps
Selects Obice 305mm Barrage
Registered Artillery
AI Takeover
Progress
sos6284
jmilli10
生是中国人死是中国僵
Strategist
S1L
Markie21marc
Xasapis
0
0
Comments
sign in to comment!
No comments posted yet!